 Dungeon Crawl Stone Soup version 0.29-a0-330-g52719c12eb (webtiles) character file.

Game seed: 15477477798645332063

125 Crownlay the Digger (level 5, 0/31 HPs)
             Began as an Octopode Earth Elementalist on May 10, 2022.
             Slain by Grinder (10 damage)
             ... while paralysed by Grinder
             ... on level 3 of the Dungeon.
             The game lasted 00:04:14 (2816 turns).

Crownlay the Digger (Octopode Earth Elementalist)   Turns: 2816, Time: 00:04:15

Health: 0/31       AC:  1    Str:  8    XL:     5   Next: 9%
Magic:  7/9        EV:  2    Int: 25    God:
Gold:   117        SH:  0    Dex: 12    Spells: 6/10 levels left

rFire   . . .      SeeInvis .   k - +0 dagger
rCold   . . .      Faith    .   (no shield)
rNeg    . . .      Spirit   .   (helmet restricted)
rPois   .          Reflect  .   (no amulet)
rElec   .          Harm     .   g - +6 ring of intelligence
rCorr   .          Rampage  .   n - ring of flight
Will    .....                   (no ring)
Stlth   +++.......              (no ring)
HPRegen 0.10/turn               (no ring)
MPRegen 0.11/turn               (no ring)
                                (no ring)
                                (no ring)

@: paralysed, flying
A: almost no armour, amphibious, 8 rings, camouflage 1, gelatinous body 1,
(nimble swimmer 1), tentacles
a: no special abilities


You were on level 3 of the Dungeon.
You visited 1 branch of the dungeon, and saw 3 of its levels.

You collected 117 gold pieces.

Inventory:

Hand Weapons
 k - a +0 dagger (weapon)
Missiles
 a - 100 stones
Jewellery
 g - a +6 ring of intelligence (left tentacle)
 n - a ring of flight (right tentacle)
Wands
 r - a wand of polymorph (6)
Scrolls
 c - a scroll of amnesia {unknown}
 d - a scroll of fog {unknown}
 j - a scroll of immolation {unknown}
 l - a scroll of enchant armour {unknown}
 o - 2 scrolls of identify {unknown}
 p - a scroll of vulnerability {unknown}
 q - a scroll of fear {unknown}
Potions
 b - 2 potions of magic
 e - a potion of berserk rage {unknown}
 f - 2 potions of heal wounds {unknown}
 h - 2 potions of invisibility {unknown}
 i - 2 potions of degeneration {unknown}
 m - a potion of might {unknown}


   Skills:
 - Level 2.0 Dodging
 - Level 2.6 Stealth
 + Level 3.1 Spellcasting
 + Level 2.5 Conjurations
 - Level 1.0 Transmutations
 + Level 4.0 Earth Magic


You had 6 spell levels left.
You knew the following spells:

 Your Spells              Type           Power      Damage    Failure   Level
a - Sandblast             Erth           48%        2d12      1%          1
b - Stone Arrow           Conj/Erth      40%        3d9       8%          3

Your spell library contained the following spells:

 Spells                   Type           Power      Damage    Failure   Level
 Passwall                 Tmut/Erth      13%        N/A       5%          2
 Ensorcelled Hibernation  Hex/Ice        6%         N/A       16%         2
 Swiftness                Air            3%         N/A       30%         3
 Petrify                  Tmut/Erth      16%        N/A       34%         4


Dungeon Overview and Level Annotations

Branches:
Dungeon (3/15)

Altars:

Annotations:
D:3 3 runed translucent doors, Crownlay's ghost, weakling OpEE; Grinder; Losyloc's ghost, amateur OpCK


Innate Abilities, Weirdness & Mutations

You cannot wear most types of armour.
You are amphibious.
You can wear up to eight rings at the same time.
Your skin changes colour to match your surroundings (Stealth+).
Your rubbery body absorbs attacks. (AC +1, EV +1)
((You are camouflaged when in or above water. (Stealth+)))
You have tentacles for arms and can constrict up to eight enemies at once.


Message History

Done exploring.
Okay, then.
(D) Dungeon
Where to? (Enter - D:2, ? - help)
You reach down and open the door.
There is an open door here.
There is an open door here.
There is a stone staircase leading down here.
You fly downwards.
Crownlay's ghost turns its malevolent gaze towards you.
Found a leather armour.
Found an escape hatch in the ceiling.
There is a stone staircase leading up here.
A quokka is nearby!
A quokka is nearby!
A quokka is nearby!
The helpless quokka fails to defend itself.
You hit the quokka.
You kill the quokka!
No target in view!
No target in view!
No target in view!
No target in view!
No target in view!
No target in view!
No target in view!
No target in view!
Grinder comes into view.
There is an escape hatch in the ceiling here.
Grinder shouts!
The blast of sand hits Grinder!
Grinder is moderately wounded.
The blast of sand hits Grinder.
Grinder is moderately wounded.
Grinder gestures at you.
You suddenly lose the ability to move!
Grinder hits you!
You writhe in agony.
Grinder hits you.
You writhe in agony.
Grinder hits you.
You writhe in agony.
Grinder hits you!
You die...

....+.. ....+..
....+..
W...#..########
....#..<......###
.♣⌠♣#...........###
#.##.###<.....#
#.##.###..#.#.#
#.......@.# ..
.##.###5## .# #.#
#.# ..# #.. ###


You could see Grinder.

Vanquished Creatures
  Jessica (D:2)
  4 adders (D:2)
  A worm (D:2)
  A dart slug (D:1)
  5 endoplasms
  2 giant cockroaches (D:1)
  8 goblins
  4 hobgoblins
  8 jackals
  A quokka (D:3)
  6 ball pythons (D:1)
  5 bats
  4 frilled lizards
  A kobold (D:2)
  4 rats
55 creatures vanquished.

Notes
Turn   | Place    | Note
-------+----------+-------------------------------------------
     0 | D:1      | Crownlay the Octopode Earth Elementalist began the quest
                  | for the Orb.
     0 | D:1      | Reached XP level 1. HP: 11/11 MP: 3/3
   353 | D:1      | Reached XP level 2. HP: 16/17 MP: 5/5
   535 | D:1      | Reached skill level 1 in Conjurations
  1076 | D:1      | Reached XP level 3. HP: 17/21 MP: 3/6
  1647 | D:2      | Reached XP level 4. HP: 16/27 MP: 6/8
  2329 | D:2      | Found a faded altar of an unknown god.
  2625 | D:2      | Noticed Jessica
  2631 | D:2      | Killed Jessica
  2632 | D:2      | Reached skill level 4 in Earth Magic
  2632 | D:2      | Reached XP level 5. HP: 31/31 MP: 6/9
  2645 | D:2      | Learned a level 3 spell: Stone Arrow
  2802 | D:3      | Noticed Crownlay's ghost (weakling OpEE)
  2802 | D:3      | Noticed Losyloc's ghost (amateur OpCK)
  2802 | D:3      | Found a runed translucent gate.
  2802 | D:3      | Found a runed translucent gate.
  2802 | D:3      | Found a runed translucent gate.
  2807 | D:3      | Noticed Grinder
  2812 | D:3      | Paralysed by Grinder for 6 turns
  2816 | D:3      | Slain by Grinder

Illustrated notes

Levels and vault maps discovered:
D:1:      dpeg_arrival_tiny_a, layout_basic
D:2:      layout_basic, shapermc_ecumenical_altar_mp_ritualfount,
          kennysheep_generic_room_14, uniq_jessica
D:3:      layout_loops_cross, gammafunk_ghost_cemetery, uniq_grinder

Skill      XL: |  1  2  3  4 |
---------------+-------------+-----
Conjurations   | 1 2 |  2.5
Spellcasting   | 3 |  3.1
Earth Magic    | 4 |  4.0
Dodging        | |  2.0
Stealth        | |  2.6
Transmutations | |  1.0

Action                   |  1- 3 |  4- 6 || total
-------------------------+-------+-------++-------
Melee: Unarmed           |    62 |       ||    62
       Constrict         |    20 |     8 ||    28
       Tentacles         |    16 |     9 ||    25
       Dagger            |    11 |    38 ||    49
       Punch             |     1 |     1 ||     2
 Cast: Sandblast         |     8 |     9 ||    17
 Stab: Sleeping          |     8 |     7 ||    15
Armor: Skin              |     8 |     5 ||    13
Dodge: Dodged            |    62 |    17 ||    79

Table legend: (Time is in decaauts)
 A = Elapsed time spent in this place.
 B = Non-inter-level travel time spent in this place.
 C = Inter-level travel time spent in this place.
 D = Time resting spent in this place.
 E = Time spent auto-exploring this place.
 F = Levels seen in this place.
 G = Mean time per level.
                   A        B        C        D        E       F      G
               +--------+--------+--------+--------+--------+-----+--------+
         Total |   2814 |   2765 |     49 |      0 |   2397 |   3 |  938.0 |
       Dungeon |   2814 |   2765 |     49 |      0 |   2397 |   3 |  938.0 |
               +--------+--------+--------+--------+--------+-----+--------+

Top non-repeatable levels by time:
     D:1: 1429 daAuts
     D:2: 1370 daAuts
     D:3: 13 daAuts
